[Event "44th Chess Olympiad Women 2022"]
[Site "Chennai"]
[Date "2022.08.09"]
[Round "11.9"]
[White "Gajcin, Marina"]
[Black "Eizaguerri Floris, Maria"]
[Result "1-0"]
[ECO "C50"]
[WhiteElo "2271"]
[BlackElo "2176"]
[Annotator "RC"]
[PlyCount "143"]
[EventDate "2022.07.29"]
[EventType "team-tourn"]
[EventCountry "IND"]
[SourceTitle "playchess.com"]
[Source "ChessBase"]
[SourceQuality "1"]
[WhiteTeam "Serbia"]
[BlackTeam "Spain"]
[WhiteTeamCountry "SRB"]
[BlackTeamCountry "ESP"]
[TimeControl "40/5400+30:1800+30"]

1. e4 e5 2. Nf3 Nc6 3. Bc4 Bc5 4. d3 Nf6 5. a4 d6 6. c3 a6 7. Nbd2 Ba7 8. h3 O-O 9. O-O h6 10. Re1 Re8 11. a5 Be6 12. Bxe6 Rxe6 13. Nf1 Ne7 14. Ng3 Ng6 15. Nf5 d5 16. Qc2 Qd7 17. g3 Rd8 18. Be3 Bxe3 19. Rxe3 Ree8 20. Re2 Qe6 21. c4 c6 22. b4 Rd7 23. Kh2 Red8 24. Rae1 dxe4 25. dxe4 Ne8 26. Rd2 Ne7 27. Nxe7+ Qxe7 28. Red1 f6 29. Nh4 Rxd2 30. Rxd2 Rxd2 31. Qxd2 Qd6 32. Qa2 c5 33. bxc5 Qxc5 34. Nf5 Kh7 35. Kg2 Nd6 36. Nxd6 Qxd6 37. Qb1 Qc7 38. Qb4 Kg8 39. g4 Kf7 40. Kf3 Qd7 41. Ke2 Ke8 42. Qc5 Kd8 43. Ke3 h5 44. gxh5 Qxh3+ 45. Kd2 Qd7+ 46. Kc3 Qe8 47. Kb4 Kd7 48. Qb6 Qf8+ 49. c5 Kc8 50. Qe6+ Kc7 51. Kc4 Qh8 52. Qd6+ Kc8 53. c6 Qe8 54. cxb7+ Kxb7 55. Qb6+ Kc8 56. Qxa6+ Kc7 57. Qb6+ Kc8 58. Qc5+ Kd8 59. Qd6+ Kc8 60. Kc5 Qf7 61. a6 Qa7+ 62. Qb6 Qe7+ 63. Kb5 Qf7 64. Qc5+ Kb8 65. Qd6+ Ka7 66. Qb6+ Ka8 67. Kc5 Qe7+ 68. Qd6 Qa7+ 69. Kb5 f5 70. Qc6+ Kb8 71. Qe8+ Kc7 72. Qe7+ 1-0

[Event "44th Chess Olympiad Women 2022"]
[Site "Chennai"]
[Date "2022.08.09"]
[Round "11.10"]
[White "Salimova, Nurgyul"]
[Black "Efroimski, Marsel"]
[Result "1/2-1/2"]
[ECO "A43"]
[WhiteElo "2416"]
[BlackElo "2456"]
[Annotator "RC"]
[PlyCount "91"]
[EventDate "2022.07.29"]
[EventType "team-tourn"]
[EventCountry "IND"]
[SourceTitle "playchess.com"]
[Source "ChessBase"]
[SourceQuality "1"]
[WhiteTeam "Bulgaria"]
[BlackTeam "Israel"]
[WhiteTeamCountry "BUL"]
[BlackTeamCountry "ISR"]
[TimeControl "40/5400+30:1800+30"]

1. d4 e6 2. Nf3 c5 3. c3 Nc6 4. a3 Nf6 5. e3 d5 6. Nbd2 Qc7 7. Bd3 b6 8. O-O Bb7 9. e4 dxe4 10. Nxe4 cxd4 11. cxd4 Be7 12. Qc2 Rc8 13. Re1 Na5 14. Qxc7 Rxc7 15. Bf4 Rd7 16. Bb5 Bc6 17. Bxc6 Nxc6 18. Rac1 Nxd4 19. Rc8+ Bd8 20. Nxf6+ gxf6 21. Nxd4 Rxd4 22. g3 h5 23. Ra8 Rd7 24. h4 e5 25. Be3 O-O 26. Bh6 Re8 27. Rc1 Re6 28. Rcc8 Red6 29. Kg2 Kh7 30. Be3 Kg6 31. a4 Kf5 32. b4 Ke6 33. a5 bxa5 34. bxa5 Bxa5 35. g4 Rd8 36. gxh5 Rxc8 37. Rxc8 Kf5 38. h6 Kg6 39. Rh8 f5 40. Rg8+ Kh7 41. Rg7+ Kh8 42. Rxf7 f4 43. Bxa7 Rxh6 44. Kh3 Kg8 45. Rf5 Bc7 46. Kg4 1/2-1/2

[Event "44th Chess Olympiad Women 2022"]
[Site "Chennai"]
[Date "2022.08.09"]
[Round "11.10"]
[White "Belenkaya, Dina"]
[Black "Peycheva, Gergana"]
[Result "1/2-1/2"]
[ECO "B31"]
[WhiteElo "2256"]
[BlackElo "2295"]
[Annotator "RC"]
[PlyCount "167"]
[EventDate "2022.07.29"]
[EventType "team-tourn"]
[EventCountry "IND"]
[SourceTitle "playchess.com"]
[Source "ChessBase"]
[SourceQuality "1"]
[WhiteTeam "Israel"]
[BlackTeam "Bulgaria"]
[WhiteTeamCountry "ISR"]
[BlackTeamCountry "BUL"]
[TimeControl "40/5400+30:1800+30"]

1. e4 c5 2. Nf3 Nc6 3. Bb5 g6 4. c3 Nf6 5. Qe2 Bg7 6. O-O O-O 7. d4 d5 8. e5 Ne4 9. Rd1 cxd4 10. cxd4 Qb6 11. Nc3 Nxc3 12. bxc3 Na5 13. Ba3 Qc7 14. Nd2 Bf5 15. Qf3 Rfd8 16. Rac1 a6 17. Be2 Bh6 18. g4 Be6 19. Qg3 Nc4 20. Bxc4 dxc4 21. f4 f5 22. g5 Bf8 23. h4 Bd5 24. Qh2 e6 25. Bxf8 Rxf8 26. h5 Rf7 27. Re1 Rg7 28. Re3 b5 29. Rh3 Bb7 30. Nf1 Qc6 31. Nd2 Qc7 32. Re1 Qa5 33. Nf1 Kf7 34. Qd2 Rd8 35. Ne3 Qb6 36. Re2 Be4 37. Reh2 Rc8 38. a3 a5 39. Qb2 Qb7 40. Nf1 Bf3 41. hxg6+ hxg6 42. Nd2 Bd5 43. Nf1 Bf3 44. Nd2 Bd5 45. Kf2 Qb6 46. Rh8 Rxh8 47. Rxh8 Rg8 48. Rh7+ Rg7 49. Rh6 Qb7 50. Qb1 Qb6 51. Qb2 Qb7 52. Ke3 Qb6 53. Nf1 Bb7 54. Nd2 Bd5 55. Rh2 Kg8 56. Qb1 Qb7 57. Qb2 Qb6 58. Nf1 Qb7 59. Ng3 Bc6 60. Rh6 Bg2 61. Qe2 Qc6 62. Rh2 Bd5 63. Qe1 Qd7 64. Rh6 Bc6 65. Qf1 Qd5 66. Qe2 Bb7 67. Qf1 Bc6 68. Qe2 Bb7 69. Rh2 Bc6 70. Qd1 Rh7 71. Rxh7 Kxh7 72. Qe2 Kg8 73. Qf2 Kf8 74. Kd2 Kg8 75. Kc1 Bb7 76. Kb2 Bc6 77. Nf1 Qe4 78. Qe3 Qh1 79. Nd2 Qg2 80. Kc1 Qh1+ 81. Kb2 Qg2 82. Kc1 Qh1+ 83. Kb2 Qg2 84. Kc1 1/2-1/2

[Event "44th Chess Olympiad Women 2022"]
[Site "Chennai"]
[Date "2022.08.09"]
[Round "11.10"]
[White "Krasteva, Beloslava"]
[Black "Lahav, Michal"]
[Result "1-0"]
[ECO "D10"]
[WhiteElo "2249"]
[BlackElo "2191"]
[Annotator "RC"]
[PlyCount "225"]
[EventDate "2022.07.29"]
[EventType "team-tourn"]
[EventCountry "IND"]
[SourceTitle "playchess.com"]
[Source "ChessBase"]
[SourceQuality "1"]
[WhiteTeam "Bulgaria"]
[BlackTeam "Israel"]
[WhiteTeamCountry "BUL"]
[BlackTeamCountry "ISR"]
[TimeControl "40/5400+30:1800+30"]

1. c4 c6 2. d4 d5 3. Nc3 Nf6 4. e3 Bf5 5. cxd5 cxd5 6. Qb3 Nc6 7. Qxb7 Bd7 8. Qb3 Rb8 9. Qd1 e5 10. dxe5 Nxe5 11. Be2 Bd6 12. Nf3 O-O 13. O-O Nxf3+ 14. Bxf3 Qc7 15. g3 Rfd8 16. Ne2 Be5 17. Nd4 Ne4 18. b3 Rb6 19. Bb2 Rg6 20. Bg2 h5 21. Rc1 Qd6 22. f4 Bf6 23. Bxe4 dxe4 24. Qxh5 Qa6 25. Rf2 Bg4 26. Qb5 Bxd4 27. Qxa6 Bxe3 28. Qa5 Bb6 29. Qb5 Bxf2+ 30. Kxf2 Rd2+ 31. Kg1 Rxb2 32. Qe8+ Kh7 33. Qxe4 f5 34. Qd3 Rxa2 35. Rc2 Ra1+ 36. Kg2 Rh6 37. Qd4 Bh3+ 38. Kf2 Rf1+ 39. Ke2 Re6+ 40. Kd2 Bg4 41. Kc3 Rb6 42. Kb2 Rd1 43. Rd2 Rxd2+ 44. Qxd2 a6 45. Qd3 Rh6 46. Ka3 Rf6 47. Kb4 Bh3 48. Kc5 Bg2 49. Qe2 Bh3 50. Kb4 Bg4 51. Qe3 Rh6 52. Ka5 Bh3 53. Qe5 Bg4 54. b4 Bh3 55. Qe2 Bg4 56. Qc2 Kg8 57. Qc7 Kh7 58. Qd8 Be2 59. h3 Rxh3 60. Qd2 Bb5 61. Qc2 Kh6 62. Qb3 Kh7 63. Qc2 Kh6 64. Qg2 Rh5 65. Qa2 Bd3 66. Qd5 Bb5 67. Qe6+ Kh7 68. Qf7 Kh6 69. Kb6 Bd3 70. Kc5 Rh3 71. Qe6+ Kh7 72. Qe3 Be4 73. Kd6 Rh6+ 74. Ke5 Rg6 75. Qe2 Kg8 76. g4 Rxg4 77. Qxa6 Kh7 78. b5 Rg6 79. b6 Rf6 80. Qa7 Kg6 81. b7 Bxb7 82. Qxb7 Kh7 83. Qc8 Kg6 84. Qe8+ Kh7 85. Qe7 Kg6 86. Qe8+ Kh7 87. Kd4 Rd6+ 88. Ke3 Rh6 89. Kf3 Rh3+ 90. Kg2 Rh6 91. Qf7 Rg6+ 92. Kf3 Rf6 93. Qh5+ Kg8 94. Kg3 Kf8 95. Qh8+ Kf7 96. Qc8 Kg6 97. Kh4 Kf7 98. Kg5 Rg6+ 99. Kxf5 Rf6+ 100. Ke5 Rh6 101. f5 Rf6 102. Kf4 Rh6 103. Kg5 Rf6 104. Qb8 Rh6 105. Qd8 Rf6 106. Qxf6+ gxf6+ 107. Kh6 Kf8 108. Kg6 Ke7 109. Kg7 Ke8 110. Kxf6 Kf8 111. Ke6 Ke8 112. f6 Kf8 113. f7 1-0

[Event "44th Chess Olympiad Women 2022"]
[Site "Chennai"]
[Date "2022.08.09"]
[Round "11.10"]
[White "Levitan, Ronit"]
[Black "Antova, Gabriela"]
[Result "0-1"]
[ECO "C55"]
[WhiteElo "2084"]
[BlackElo "2275"]
[Annotator "RC"]
[PlyCount "106"]
[EventDate "2022.07.29"]
[EventType "team-tourn"]
[EventCountry "IND"]
[SourceTitle "playchess.com"]
[Source "ChessBase"]
[SourceQuality "1"]
[WhiteTeam "Israel"]
[BlackTeam "Bulgaria"]
[WhiteTeamCountry "ISR"]
[BlackTeamCountry "BUL"]
[TimeControl "40/5400+30:1800+30"]

1. e4 e5 2. Nf3 Nc6 3. Bc4 Nf6 4. d3 h6 5. a4 d6 6. Nc3 a5 7. d4 Bg4 8. dxe5 dxe5 9. Be3 Bb4 10. O-O Bxc3 11. bxc3 Qxd1 12. Rfxd1 Nxe4 13. Re1 O-O 14. Bc1 Bxf3 15. gxf3 Nf6 16. Rb1 Rab8 17. Ba3 Rfe8 18. Rb5 g6 19. Rc5 Nd7 20. Rb5 Nb6 21. Bb3 Kg7 22. Bc5 Nd7 23. Ba3 b6 24. Rd5 Nf6 25. Rdd1 Rbd8 26. Bc4 Rxd1 27. Rxd1 Rd8 28. Rxd8 Nxd8 29. Kf1 Nh5 30. Ke2 Nf4+ 31. Ke3 f5 32. Be7 Nc6 33. Ba3 Kf6 34. Bb5 Ne7 35. c4 c5 36. Bc1 Nc8 37. Bd2 Nd6 38. Ba6 g5 39. Bc1 Ne6 40. c3 Nc7 41. Bb5 Kg6 42. Ke2 Kh5 43. Kf1 Kh4 44. Kg2 Ncxb5 45. cxb5 Nc4 46. h3 h5 47. Kh2 g4 48. hxg4 hxg4 49. fxg4 Kxg4 50. Kg2 e4 51. Kg1 Kf3 52. Kf1 f4 53. Ke1 e3 0-1

[Event "44th Chess Olympiad Women 2022"]
[Site "Chennai"]
[Date "2022.08.09"]
[Round "11.11"]
[White "Sebag, Marie"]
[Black "Enkhtuul, Altan-Ulzii"]
[Result "1-0"]
[ECO "B05"]
[WhiteElo "2447"]
[BlackElo "2267"]
[Annotator "RC"]
[PlyCount "77"]
[EventDate "2022.07.29"]
[EventType "team-tourn"]
[EventCountry "IND"]
[SourceTitle "playchess.com"]
[Source "ChessBase"]
[SourceQuality "1"]
[WhiteTeam "France"]
[BlackTeam "Mongolia"]
[WhiteTeamCountry "FRA"]
[BlackTeamCountry "MGL"]
[TimeControl "40/5400+30:1800+30"]

1. e4 Nf6 2. e5 Nd5 3. d4 d6 4. Nf3 Bg4 5. Be2 e6 6. O-O Be7 7. h3 Bh5 8. c4 Nb6 9. Be3 O-O 10. Nc3 dxe5 11. Nxe5 Bxe2 12. Qxe2 N8d7 13. Rad1 Qc8 14. Bf4 Nf6 15. Rfe1 Re8 16. Qf3 a6 17. b3 Rb8 18. Rd3 Nbd7 19. Red1 Nf8 20. Bg5 h6 21. Bxf6 Bxf6 22. Ne4 Nh7 23. Qh5 Re7 24. Rg3 Bg5 25. h4 Bf4 26. Rg4 Bxe5 27. dxe5 Kh8 28. Rf4 Qe8 29. Qf3 Nf8 30. Rg4 Ng6 31. Nf6 Qf8 32. Qg3 gxf6 33. exf6 Ree8 34. h5 Red8 35. Rxd8 Qxd8 36. hxg6 fxg6 37. Rh4 Kh7 38. Rxh6+ Kg8 39. Qxg6+ 1-0

[Event "44th Chess Olympiad Women 2022"]
[Site "Chennai"]
[Date "2022.08.09"]
[Round "11.11"]
[White "Savina, Anastasia"]
[Black "Munkhzul, Turmunkh"]
[Result "1/2-1/2"]
[ECO "D55"]
[WhiteElo "2377"]
[BlackElo "2277"]
[Annotator "RC"]
[PlyCount "101"]
[EventDate "2022.07.29"]
[EventType "team-tourn"]
[EventCountry "IND"]
[SourceTitle "playchess.com"]
[Source "ChessBase"]
[SourceQuality "1"]
[WhiteTeam "France"]
[BlackTeam "Mongolia"]
[WhiteTeamCountry "FRA"]
[BlackTeamCountry "MGL"]
[TimeControl "40/5400+30:1800+30"]

1. d4 Nf6 2. c4 e6 3. Nf3 d5 4. Nc3 Be7 5. Bg5 h6 6. Bxf6 Bxf6 7. e3 O-O 8. Rc1 c6 9. Bd3 Nd7 10. O-O dxc4 11. Bxc4 e5 12. h3 exd4 13. exd4 Nb6 14. Bb3 Bf5 15. Re1 Re8 16. g4 Bg6 17. Rxe8+ Qxe8 18. Qd2 Qd7 19. Qf4 Re8 20. Rd1 Kh8 21. h4 h5 22. g5 Qg4+ 23. Qxg4 hxg4 24. Nh2 Bd8 25. Nxg4 Bc7 26. Kg2 Bh5 27. f3 Bf4 28. Ne5 f6 29. Nd3 Bc7 30. Ne4 Rxe4 31. fxe4 Bxd1 32. Bxd1 Nc4 33. Bf3 Bb6 34. d5 cxd5 35. exd5 fxg5 36. hxg5 Bd8 37. g6 Bf6 38. Kh3 Kg8 39. b3 Nd6 40. Kg4 Kf8 41. Kf4 Bc3 42. Nc5 Ke7 43. Ne4 Nxe4 44. Kxe4 Kd6 45. Kd3 Be1 46. Kc4 a6 47. Bg4 b6 48. Bc8 a5 49. Kb5 Bf2 50. Be6 Be3 51. Bf7 1/2-1/2

[Event "44th Chess Olympiad Women 2022"]
[Site "Chennai"]
[Date "2022.08.09"]
[Round "11.11"]
[White "Bayarmaa, Bayarjargal"]
[Black "Milliet, Sophie"]
[Result "1-0"]
[ECO "D23"]
[WhiteElo "2171"]
[BlackElo "2396"]
[Annotator "RC"]
[PlyCount "111"]
[EventDate "2022.07.29"]
[EventType "team-tourn"]
[EventCountry "IND"]
[SourceTitle "playchess.com"]
[Source "ChessBase"]
[SourceQuality "1"]
[WhiteTeam "Mongolia"]
[BlackTeam "France"]
[WhiteTeamCountry "MGL"]
[BlackTeamCountry "FRA"]
[TimeControl "40/5400+30:1800+30"]

1. d4 d5 2. c4 dxc4 3. Nf3 Nf6 4. Qa4+ c6 5. Qxc4 Bf5 6. g3 e6 7. Bg2 Be7 8. O-O O-O 9. Nc3 Qb6 10. Bg5 h6 11. Bxf6 Bxf6 12. Rfd1 Qa6 13. Qb3 Nd7 14. Rd2 Rad8 15. Rc1 e5 16. d5 cxd5 17. Nxd5 Be6 18. e4 Bxd5 19. Rxd5 Nb6 20. Bf1 Qa4 21. Qxa4 Nxa4 22. Ra5 Nxb2 23. Rb1 Nd1 24. Rc5 g5 25. Be2 g4 26. Ne1 Nxf2 27. Kxf2 b6 28. Rc7 Rd4 29. Bd3 Rfd8 30. Ke2 Bg5 31. Rb5 Ra4 32. Rb2 Ra3 33. Rcc2 Kg7 34. Rb3 Ra4 35. Ng2 f5 36. exf5 e4 37. Bb5 Rad4 38. Ne3 h5 39. Rbc3 Bf6 40. Rc7+ Kh6 41. Rxa7 Rb4 42. Bc6 Bd4 43. Rd7 Rxd7 44. Bxd7 Bc5 45. Bc6 Kg5 46. Rd2 h4 47. f6 hxg3 48. hxg3 Bxe3 49. Kxe3 Kxf6 50. Bxe4 Ke5 51. Rd5+ Ke6 52. Rd4 Rb2 53. Bd5+ Ke5 54. Bc4 Kf5 55. Rd5+ Kf6 56. Bb3 1-0

[Event "44th Chess Olympiad Women 2022"]
[Site "Chennai"]
[Date "2022.08.09"]
[Round "11.11"]
[White "Mungunzul, Bat-Erdene"]
[Black "Navrotescu, Andreea"]
[Result "1/2-1/2"]
[ECO "D22"]
[WhiteElo "2163"]
[BlackElo "2373"]
[Annotator "RC"]
[PlyCount "82"]
[EventDate "2022.07.29"]
[EventType "team-tourn"]
[EventCountry "IND"]
[SourceTitle "playchess.com"]
[Source "ChessBase"]
[SourceQuality "1"]
[WhiteTeam "Mongolia"]
[BlackTeam "France"]
[WhiteTeamCountry "MGL"]
[BlackTeamCountry "FRA"]
[TimeControl "40/5400+30:1800+30"]

1. d4 d5 2. c4 dxc4 3. Nf3 Nf6 4. e3 Bg4 5. Bxc4 e6 6. O-O a6 7. Be2 c5 8. b3 Nc6 9. Bb2 Rc8 10. Nbd2 Be7 11. Nc4 O-O 12. Rc1 b5 13. Nce5 Nxe5 14. Nxe5 Bxe2 15. Qxe2 Qb6 16. Ng4 c4 17. Nxf6+ gxf6 18. bxc4 Rxc4 19. Rxc4 bxc4 20. Bc3 Qb5 21. Qf3 Rc8 22. h3 Kf8 23. Rd1 Qa4 24. d5 Rd8 25. e4 Qxa2 26. Ra1 Qb3 27. Rxa6 Qb1+ 28. Kh2 Qd3 29. dxe6 Bd6+ 30. e5 Qxf3 31. gxf3 Bxe5+ 32. Bxe5 fxe5 33. Rc6 Rd4 34. Rc7 fxe6 35. Rxh7 Ke8 36. Rc7 Kd8 37. Rc5 Kd7 38. Kg3 Kd6 39. Rc8 Kd7 40. Rc5 Kd6 41. Rc8 Kd7 1/2-1/2

[Event "44th Chess Olympiad Women 2022"]
[Site "Chennai"]
[Date "2022.08.09"]
[Round "11.12"]
[White "Miranda Llanes, Yerisbel"]
[Black "Fronda, Jan Jodilyn"]
[Result "1-0"]
[ECO "D31"]
[WhiteElo "2347"]
[BlackElo "2181"]
[Annotator "RC"]
[PlyCount "53"]
[EventDate "2022.07.29"]
[EventType "team-tourn"]
[EventCountry "IND"]
[SourceTitle "playchess.com"]
[Source "ChessBase"]
[SourceQuality "1"]
[WhiteTeam "Cuba"]
[BlackTeam "Philippines"]
[WhiteTeamCountry "CUB"]
[BlackTeamCountry "PHI"]
[TimeControl "40/5400+30:1800+30"]

1. d4 d5 2. c4 e6 3. Nc3 c6 4. e4 dxe4 5. Nxe4 Bb4+ 6. Bd2 Qxd4 7. Bxb4 Qxe4+ 8. Be2 Nd7 9. Nf3 c5 10. Bc3 Ne7 11. O-O O-O 12. Re1 Qf4 13. Bd3 Ng6 14. g3 Qc7 15. Ng5 Rd8 16. h4 e5 17. h5 Ngf8 18. Qf3 Nf6 19. Bxe5 Qc6 20. Be4 Qb6 21. h6 Bg4 22. Qf4 Bh5 23. hxg7 N8d7 24. Bc3 h6 25. Nxf7 Bxf7 26. Qxh6 Bxc4 27. Bg6 1-0

[Event "44th Chess Olympiad Women 2022"]
[Site "Chennai"]
[Date "2022.08.09"]
[Round "11.12"]
[White "Forgas Moreno, Yaniela"]
[Black "Mordido, Kylen Joy"]
[Result "1/2-1/2"]
[ECO "B26"]
[WhiteElo "2343"]
[BlackElo "2023"]
[Annotator "RC"]
[PlyCount "83"]
[EventDate "2022.07.29"]
[EventType "team-tourn"]
[EventCountry "IND"]
[SourceTitle "playchess.com"]
[Source "ChessBase"]
[SourceQuality "1"]
[WhiteTeam "Cuba"]
[BlackTeam "Philippines"]
[WhiteTeamCountry "CUB"]
[BlackTeamCountry "PHI"]
[TimeControl "40/5400+30:1800+30"]

1. e4 c5 2. Nc3 Nc6 3. g3 g6 4. Bg2 Bg7 5. d3 d6 6. Be3 Nf6 7. h3 Rb8 8. Qd2 Nd4 9. Nd1 e5 10. c3 Ne6 11. Ne2 d5 12. Qc2 O-O 13. O-O b6 14. f4 dxe4 15. dxe4 exf4 16. gxf4 Ba6 17. f5 Nc7 18. c4 Nh5 19. Nf2 Qe7 20. Ng4 Ne8 21. Nf4 Nxf4 22. Bxf4 Bd4+ 23. Kh1 Nd6 24. f6 Qe6 25. Bxd6 Qxd6 26. e5 Bxe5 27. Qc1 Kh8 28. Qh6 Rg8 29. Qg5 Bd4 30. Bd5 Bb7 31. Nh6 Rgf8 32. Rae1 Bxd5+ 33. cxd5 Rb7 34. b3 Rd7 35. Re7 Qxd5+ 36. Qxd5 Rxd5 37. Nxf7+ Kg8 38. Nh6+ Kh8 39. Nf7+ Kg8 40. Nh6+ Kh8 41. Nf7+ Kg8 42. Nh6+ 1/2-1/2

[Event "44th Chess Olympiad Women 2022"]
[Site "Chennai"]
[Date "2022.08.09"]
[Round "11.12"]
[White "Frayna, Janelle Mae"]
[Black "Ordaz Valdes, Lisandra Teresa"]
[Result "1/2-1/2"]
[ECO "C47"]
[WhiteElo "2224"]
[BlackElo "2367"]
[Annotator "RC"]
[PlyCount "70"]
[EventDate "2022.07.29"]
[EventType "team-tourn"]
[EventCountry "IND"]
[SourceTitle "playchess.com"]
[Source "ChessBase"]
[SourceQuality "1"]
[WhiteTeam "Philippines"]
[BlackTeam "Cuba"]
[WhiteTeamCountry "PHI"]
[BlackTeamCountry "CUB"]
[TimeControl "40/5400+30:1800+30"]

1. e4 e5 2. Nf3 Nc6 3. Nc3 Nf6 4. d4 Bb4 5. Nxe5 Qe7 6. Qd3 Bxc3+ 7. Qxc3 Nxe4 8. Qe3 Nd6 9. Nxc6 dxc6 10. Qxe7+ Kxe7 11. Bd3 Bf5 12. Bxf5 Nxf5 13. c3 Rhe8 14. O-O Kd7 15. Bd2 Re2 16. Rad1 Rae8 17. f3 a5 18. Rf2 R2e6 19. Rff1 Ne3 20. Bxe3 Rxe3 21. Rf2 a4 22. Rc2 Re2 23. Rdd2 Rxd2 24. Rxd2 Re1+ 25. Kf2 Rh1 26. h3 Rc1 27. Ke3 a3 28. Kd3 axb2 29. Rxb2 b5 30. Kd2 Rg1 31. Kd3 Rc1 32. Kd2 Ra1 33. Kd3 Rc1 34. Kd2 Rg1 35. Kd3 Rc1 1/2-1/2

[Event "44th Chess Olympiad Women 2022"]
[Site "Chennai"]
[Date "2022.08.09"]
[Round "11.12"]
[White "San Diego, Marie Antoinette"]
[Black "Arribas Robaina, Maritza"]
[Result "1/2-1/2"]
[ECO "D27"]
[WhiteElo "2101"]
[BlackElo "2239"]
[Annotator "RC"]
[PlyCount "91"]
[EventDate "2022.07.29"]
[EventType "team-tourn"]
[EventCountry "IND"]
[SourceTitle "playchess.com"]
[Source "ChessBase"]
[SourceQuality "1"]
[WhiteTeam "Philippines"]
[BlackTeam "Cuba"]
[WhiteTeamCountry "PHI"]
[BlackTeamCountry "CUB"]
[TimeControl "40/5400+30:1800+30"]

1. d4 Nf6 2. Nf3 e6 3. c4 d5 4. Nc3 Be7 5. Bg5 h6 6. Bh4 dxc4 7. e3 a6 8. a4 c5 9. Bxc4 cxd4 10. exd4 O-O 11. O-O Nc6 12. Re1 b6 13. Bxf6 Bxf6 14. d5 Bxc3 15. bxc3 exd5 16. Bxd5 Bb7 17. Rb1 Rb8 18. c4 a5 19. c5 Nb4 20. Bxb7 Rxb7 21. Qxd8 Rxd8 22. cxb6 Rxb6 23. h3 Rbd6 24. Re5 Rd5 25. Rc1 Nd3 26. Rxd5 Rxd5 27. Rc8+ Kh7 28. Rc4 Nb2 29. Rd4 Rxd4 30. Nxd4 Kg6 31. f4 Nxa4 32. Nb3 Kf5 33. g3 Ke4 34. Kf2 Nb2 35. Nxa5 h5 36. Nb7 Nc4 37. h4 g6 38. Nc5+ Kd5 39. Nb3 Nd6 40. Kf3 Nf5 41. Nd2 Nd4+ 42. Ke3 Nc2+ 43. Kd3 Nb4+ 44. Ke3 Nc2+ 45. Kd3 Nd4 46. Ke3 1/2-1/2

[Event "44th Chess Olympiad Women 2022"]
[Site "Chennai"]
[Date "2022.08.09"]
[Round "11.13"]
[White "Peng, Zhaoqin"]
[Black "Zhang, Jilin"]
[Result "1/2-1/2"]
[ECO "A16"]
[WhiteElo "2349"]
[BlackElo "2212"]
[Annotator "RC"]
[PlyCount "84"]
[EventDate "2022.07.29"]
[EventType "team-tourn"]
[EventCountry "IND"]
[SourceTitle "playchess.com"]
[Source "ChessBase"]
[SourceQuality "1"]
[WhiteTeam "Netherlands"]
[BlackTeam "Australia"]
[WhiteTeamCountry "NED"]
[BlackTeamCountry "AUS"]
[TimeControl "40/5400+30:1800+30"]

1. c4 Nf6 2. Nc3 d5 3. cxd5 Nxd5 4. Nf3 Nxc3 5. bxc3 g6 6. g3 Bg7 7. Bg2 O-O 8. O-O e5 9. Rb1 c6 10. d4 Nd7 11. a4 Re8 12. Qc2 exd4 13. Nxd4 Ne5 14. h3 Qc7 15. f4 Nc4 16. e4 Bd7 17. Qa2 b5 18. axb5 cxb5 19. Nxb5 Bxb5 20. Rxb5 Bxc3 21. e5 Rab8 22. Rxb8 Rxb8 23. Kh2 Rd8 24. h4 Kg7 25. Qa6 Nb6 26. Be3 Bd4 27. Rc1 Qe7 28. Bxd4 Rxd4 29. Rc2 Nd5 30. Qa1 Ne3 31. Qxd4 Nxc2 32. Qc3 Nb4 33. h5 Na6 34. Qc6 Nb4 35. Qc4 a5 36. Qb5 Qa7 37. hxg6 hxg6 38. Kh3 Qc7 39. Kh2 Qe7 40. Qb6 g5 41. Qxa5 gxf4 42. Qa3 fxg3+ 1/2-1/2

[Event "44th Chess Olympiad Women 2022"]
[Site "Chennai"]
[Date "2022.08.09"]
[Round "11.13"]
[White "Ryjanova, Julia"]
[Black "Roebers, Eline"]
[Result "0-1"]
[ECO "E63"]
[WhiteElo "2284"]
[BlackElo "2344"]
[Annotator "RC"]
[PlyCount "106"]
[EventDate "2022.07.29"]
[EventType "team-tourn"]
[EventCountry "IND"]
[SourceTitle "playchess.com"]
[Source "ChessBase"]
[SourceQuality "1"]
[WhiteTeam "Australia"]
[BlackTeam "Netherlands"]
[WhiteTeamCountry "AUS"]
[BlackTeamCountry "NED"]
[TimeControl "40/5400+30:1800+30"]

1. d4 Nf6 2. c4 g6 3. Nf3 Bg7 4. g3 O-O 5. Bg2 d6 6. O-O Nc6 7. Nc3 a6 8. b3 Rb8 9. d5 Na5 10. Bd2 c5 11. dxc6 Nxc6 12. Rc1 Be6 13. Ng5 Bd7 14. Nge4 Ne8 15. Nd5 f5 16. Ng5 e6 17. Nc3 h6 18. Nh3 Ne5 19. e4 b5 20. cxb5 axb5 21. exf5 gxf5 22. Nf4 Nf6 23. Nce2 b4 24. Nd4 Re8 25. Nc2 Ne4 26. Bxb4 Bb5 27. Re1 Qb6 28. Bxe4 fxe4 29. Rxe4 Bc6 30. Re3 Ba8 31. Nh5 Bh8 32. Ba3 Qb7 33. Kf1 Qh1+ 34. Ke2 Bf3+ 35. Rxf3 Qxf3+ 36. Kf1 Qh1+ 37. Ke2 Qe4+ 38. Ne3 Ra8 39. Bxd6 Rxa2+ 40. Rc2 Rxc2+ 41. Qxc2 Qf3+ 42. Kf1 Qxh5 43. Qc7 Qxh2 44. Qb7 Qh3+ 45. Ke1 Qh5 46. Kf1 Qf3 47. Qb5 Rc8 48. Ke1 Rc1+ 49. Kd2 Qxf2+ 50. Kxc1 Qxe3+ 51. Kc2 Qe4+ 52. Kc1 Nd3+ 53. Kd2 Qe1+ 0-1

[Event "44th Chess Olympiad Women 2022"]
[Site "Chennai"]
[Date "2022.08.09"]
[Round "11.13"]
[White "Lanchava, Tea"]
[Black "Nguyen, Thu Giang"]
[Result "1/2-1/2"]
[ECO "D32"]
[WhiteElo "2257"]
[BlackElo "2119"]
[Annotator "RC"]
[PlyCount "72"]
[EventDate "2022.07.29"]
[EventType "team-tourn"]
[EventCountry "IND"]
[SourceTitle "playchess.com"]
[Source "ChessBase"]
[SourceQuality "1"]
[WhiteTeam "Netherlands"]
[BlackTeam "Australia"]
[WhiteTeamCountry "NED"]
[BlackTeamCountry "AUS"]
[TimeControl "40/5400+30:1800+30"]

1. c4 e6 2. Nf3 Nf6 3. e3 d5 4. b3 Be7 5. Bb2 O-O 6. Nc3 c5 7. cxd5 exd5 8. d4 Nc6 9. Be2 Ne4 10. O-O Bf6 11. Na4 Bg4 12. Ne5 Bxe2 13. Qxe2 cxd4 14. Nxc6 bxc6 15. exd4 Re8 16. Qd3 Qd6 17. Rac1 Bg5 18. Rc2 Re6 19. g3 Rae8 20. Kg2 Rh6 21. f4 Bd8 22. Bc1 f5 23. Qf3 Rg6 24. Nb2 Bh4 25. Nd3 Nxg3 26. hxg3 Rxg3+ 27. Qxg3 Bxg3 28. Kxg3 Qg6+ 29. Kf2 Qh5 30. Rg1 Qh2+ 31. Rg2 Qh4+ 32. Rg3 Qh2+ 33. Rg2 Qh4+ 34. Kg1 Re1+ 35. Nxe1 Qxe1+ 36. Kh2 Qh4+ 1/2-1/2

[Event "44th Chess Olympiad Women 2022"]
[Site "Chennai"]
[Date "2022.08.09"]
[Round "11.13"]
[White "Richards, Heather S"]
[Black "Ratsma, Rosa"]
[Result "0-1"]
[ECO "D00"]
[WhiteElo "2146"]
[BlackElo "2226"]
[Annotator "RC"]
[PlyCount "100"]
[EventDate "2022.07.29"]
[EventType "team-tourn"]
[EventCountry "IND"]
[SourceTitle "playchess.com"]
[Source "ChessBase"]
[SourceQuality "1"]
[WhiteTeam "Australia"]
[BlackTeam "Netherlands"]
[WhiteTeamCountry "AUS"]
[BlackTeamCountry "NED"]
[TimeControl "40/5400+30:1800+30"]

1. d4 Nf6 2. Nc3 d5 3. Bf4 c5 4. e4 Nxe4 5. Nxe4 dxe4 6. dxc5 Qxd1+ 7. Rxd1 Bd7 8. Bc4 e6 9. Be3 Nc6 10. a3 Be7 11. b4 a5 12. Bb5 Bf6 13. Ne2 axb4 14. axb4 Ke7 15. O-O Rhd8 16. Bxc6 Bxc6 17. c4 Ba4 18. Rc1 Bb2 19. Rb1 Be5 20. Rfc1 Be8 21. b5 h6 22. g4 f5 23. c6 bxc6 24. b6 g5 25. gxf5 exf5 26. b7 Ra6 27. Bb6 Rb8 28. Rd1 Bh5 29. Bc5+ Ke8 30. Rd2 Bf3 31. Ng3 f4 32. Nxe4 Rxb7 33. Re1 Kf7 34. Bd4 Bxe4 35. Bxe5 Bf3 36. Rd3 Bg4 37. Rd6 Re7 38. Rxh6 Rxe5 39. Rb1 Re7 40. Rh7+ Kf6 41. Rh6+ Kg7 42. Rd6 Bf3 43. h4 Rea7 44. Re1 Ra1 45. Rde6 Rxe1+ 46. Rxe1 Kg6 47. Kf1 Rh7 48. Re8 Rd7 49. Re1 gxh4 50. Kg1 Rd1 0-1